AoeStats
← EeeZee3

Arena

510844091Analyzed
1v1 RM · 15h ago on Oct 2, 2026· 58m 12s· 2 players
Game mode
Random Map
Map size
Tiny (2 player)
Population
200
Speed
Normal
Resources
Standard
Victory
Conquest
Starting age
Dark Age
Ending age
Imperial Age
RankedLock teamsTeams togetherTeam positionsShared explorationLock speedFull tech treeHidden civsTurbo modeCheats
Victory
Defeat
🇨🇿 Franks · Czechia
663
+15
🇨🇭 Saxons · Switzerland
646
-15
EeeZee3
0:26 Loom
12:35 Feudal Age
13:21 Double-Bit Axe
13:21 Horse Collar
19:24 Castle Age
17:57 Stone Mining
18:07 Gold Mining
18:31 Town Watch
20:40 Bow Saw
20:37 Heavy Plow
21:40 Gambesons
21:56 Squires
24:53 Gold Shaft Mining
25:48 Wheelbarrow
27:12 Ballistics
26:48 Murder Holes
26:34 Treadmill Crane
27:32 Fletching
29:59 Arson
30:43 Forging
30:34 Scale Mail Armor
32:01 Iron Casting
33:08 Bodkin Arrow
34:14 Chain Mail Armor
41:31 Masonry
41:34 Fortified Wall
43:01 Sanctity
47:25 Hand Cart
46:57 Clerical Recruitment
49:51 Pikeman
50:50 Redemption
50:42 Atonement
50:44 Devotion
Lordislav
11:30 Feudal Age
14:00 Loom
17:01 Castle Age
15:48 Double-Bit Axe
17:18 Gold Mining
19:29 Stone Mining
29:45 Gold Shaft Mining
30:23 Forging
32:57 Scale Mail Armor
33:33 Iron Casting
36:03 Chain Mail Armor
40:28 Imperial Age
38:34 Wheelbarrow
42:25 Blast Furnace
41:56 Plate Mail Armor
42:43 Fletching
43:00 Scale Barding Armor
43:36 Conscription
43:33 Elite Throwing Axeman
44:53 Hoardings
44:37 Murder Holes
44:53 Masonry
45:04 Ballistics
46:15 Chain Barding Armor
47:26 Cavalier
48:07 Husbandry
48:44 Plate Barding Armor
48:35 Hand Cart
48:36 Bow Saw
49:09 Bodkin Arrow
48:40 Paladin
58:46 Architecture
57:57 Treadmill Crane
58:27 Siege Engineers
Connection lost

Rejoining the realm…

Still unreachable

The connection could not be restored.

Session expired

The server has moved on; the page needs a fresh start.